[Event "*** Titled Tuesday Blitz"]
[Site "Chess.com"]
[Date "2020.04.28"]
[Round "8"]
[White "Savagelittlemole"]
[Black "FightingChess"]
[Result "1-0"]
[WhiteElo "2592"]
[BlackElo "2364"]
[TimeControl "180+1"]
[EndTime "11:38:35 PDT"]
[Termination "Savagelittlemole won by resignation"]

1. e4 e6 2. d4 d5 3. Nd2 c5 4. Ngf3 cxd4 5. Nxd4 Nf6 6. Bb5+ Bd7 7. Bxd7+ Qxd7 8. e5 Ng8 9. O-O Nc6 10. N2f3 Bc5 11.
c3 Nge7 12. Bg5 O-O 13. Re1 Nxd4 14. cxd4 Bb6 15. Bxe7 Qxe7 16. Re3 Rfc8 17. Rc1 Qd7 18. Rec3 Rxc3 19. Rxc3 Rc8 20. Qc2 Rxc3 21. Qxc3 Qc7 22.
Qxc7 Bxc7 23. Kf1 f6 24. exf6 gxf6 25. Ke2 Kf7 26. h3 h6 27. Kd3 e5 28. Nh4 Ke6 29. f3 h5 30. g4 hxg4 31. hxg4 Bb6 32. Nf5 a6 33. b3 Ba7 34. a4 b5 35. axb5 axb5 36. Ng7+ Kf7 37. Nf5 Ke6 38. dxe5 fxe5 39. Ng7+ Ke7 40. g5 Bc5 41. Nf5+ Kf7 42. Nh4 Be7 43. g6+ Kf6 44. Nf5 Bf8 45. Ne3 Ke6 46.
Ng4 Bg7 47. Ne3 Kd6 48. Ng4 Ke6 49. Ne3 Bf6 50. Nc2 Kf5 51. Na3 b4 52. Nc2 Kxg6 53. Nxb4 e4+ 54. fxe4 dxe4+ 55. Kxe4 Kf7 56. Kd5 Bc3 57.
Nc6 Be1 58. Ne5+ Ke8 59. Nd3 Bd2 60. Kc6 Kd8 61. Ne5 Kc8 62. Kb5 Be1 63. Kc4 Bd2 64.
Nf3 Ba5 65. Ne5 Be1 66. Nc6 Kc7 67. Nb4 Kb7 68. Nd5 Bd2 69. Nc3 Be1 70. Nd1 Bd2 71. Nf2 Be1 72. Ne4 Ba5 73. Kb5 Be1 74. Kc5 Kc7 75.
Nd6 Kb8 76. Kc6 Bf2 77. b4 Bg1 78. b5 Bf2 79. Ne4 Bg1 80. Nc3 Bd4 81. Na4 Be3 82. Nb6 Bf2 83. Nd7+ Ka7 84. Ne5 Bg1 85. Nc4 Bf2 86.
Nd6 Bg1 87. Nc8+ Kb8 88. Nb6 Bf2 89. Nd5 Bg1 90. Nb4 Ka7 91. Nd3 Be3 92. Ne5 Bg1 93. Nc4 Bd4 94. Nd2 Bf2 95. Nb3 Bg1 96. Na5 Bf2 97.
Nc4 Bg1 98. Nd6 Bf2 99. Nf7 Bg1 100. Ne5 Bf2 101. Ng4 Bg1 102. Nf6 Bf2 103. Ne8 Bg1 104. Nc7 Bf2 105. Nd5 Bg1 106. Nb4 Bf2 107. Na2 Bg1 108. Nc1 Bf2 109. Ne2 Bg1 110. Nxg1 Kb8 111. Kb6 Ka8 112. Kc7 1-0

[Event "*** Titled Tuesday Blitz"]
[Site "Chess.com"]
[Date "2020.04.28"]
[Round "8"]
[White "cassoulet"]
[Black "MFguimaraes"]
[Result "1/2-1/2"]
[WhiteElo "2584"]
[BlackElo "2413"]
[TimeControl "180+1"]
[EndTime "11:38:39 PDT"]
[Termination "Game drawn - insufficient material"]

1. e4 e5 2. Nf3 Nc6 3. Bc4 Nf6 4. d3 h6 5. O-O Be7 6. c3 O-O 7. Re1 d6 8. h3 Kh8 9. d4 exd4 10. cxd4 d5 11.
exd5 Nxd5 12. Bxd5 Qxd5 13. Nc3 Qd8 14. d5 Nb4 15. a3 Na6 16. b4 Bf6 17. Bb2 Bf5 18. Rc1 Rc8 19. Qd2 Re8 20. Rxe8+ Qxe8 21. Re1 Qd7 22. Ne5 Bxe5 23. Rxe5 Re8 24. Qf4 Rxe5 25.
Qxe5 f6 26. Qe3 b6 27. Qd4 c5 28. Qc4 b5 29. Qxb5 cxb4 30. axb4 Qxb5 31. Nxb5 Nxb4 32. d6 a5 33. Nc3 Kg8 34. Na4 Nd5 35. Nc5 Kf7 36.
g4 Bc2 37. Kg2 Nb6 38. Bc3 a4 39. Bb4 Ke8 40. Kf3 Bb3 41. Ke4 Bc2+ 42. Kd4 Bb3 43.
Nxb3 axb3 44. Ba3 Kd7 45. Kc3 Nc8 46. Kxb3 Nxd6 47. Kc2 Ne4 48. f3 Ng5 49. Bf8 Ne6 50. Bb4 Nd4+ 51. Kd2 Nxf3+ 52. Ke3 Ne5 53. h4 Ke6 54.
Kf4 g5+ 55. hxg5 hxg5+ 56. Kg3 Nc6 57. Bc3 Ne7 58. Kf3 Ng6 59. Bb2 Ne5+ 60. Kg3 Nd3 61.
Ba3 Kd5 62. Kf3 Ne5+ 63. Kg3 Ke4 64. Be7 Nd7 65. Bd8 Ke5 66. Bc7+ Ke6 67. Kf3 Nc5 68.
Bd8 Na6 69. Bb6 Nb8 70. Kg3 Nc6 71. Bc5 Kd5 72. Ba3 Ke4 73. Bb2 Nd4 74. Ba3 f5 75.
gxf5 Kxf5 76. Be7 g4 77. Bd6 Ne2+ 78. Kg2 Ke4 79. Bb8 Kf5 80. Bc7 Kg5 81. Bb8 Nd4 82.
Bc7 Nf5 83. Bb8 Kf6 84. Bc7 Ke6 85. Bb8 Kd5 86. Bc7 Ke4 87. Bb8 Ke3 88. Bc7 Ke2 89.
Bb8 Ke3 90. Bc7 Ke4 91. Bb8 Kd5 92. Bc7 Ke6 93. Bb8 Kf6 94. Bc7 Kg5 95. Bb8 Kh4 96. Bc7 Ne3+ 97. Kf2 Nd5 98. Bb8 Kh3 99. Ke2 Nf6 100.
Kf2 Ne4+ 101. Ke3 Ng3 102. Kf2 Nh1+ 103. Kg1 Ng3 104. Kf2 Nf5 105. Bc7 Nd4 106. Bb8 Ne6 107. Bd6 Ng5 108. Bb8 Ne4+ 109. Ke3 Nc5 110. Kf2 Nd3+ 111. Ke3 Ne1 112. Kf2 Nc2 113. Bc7 g3+ 114. Bxg3 1/2-1/2

[Event "*** Titled Tuesday Blitz"]
[Site "Chess.com"]
[Date "2020.04.28"]
[Round "9"]
[White "m-garcett"]
[Black "Semen16"]
[Result "0-1"]
[WhiteElo "2066"]
[BlackElo "2323"]
[TimeControl "180+1"]
[EndTime "11:40:27 PDT"]
[Termination "Semen16 won by resignation"]

1. e4 e5 2. Nf3 Nc6 3. Bb5 a6 4. Ba4 Nf6 5. O-O Be7 6. Re1 b5 7. Bb3 O-O 8. c3 d5 9. exd5 e4 10. dxc6 exf3 11. Qxf3 Bg4 12. Qe3 Re8 13. d4 Bd6 14. Qd2 Bf4 15. Rxe8+ Qxe8 16. Qd3 Qe1+ 17. Qf1 Bxh2+ 0-1

[Event "*** Titled Tuesday Blitz"]
[Site "Chess.com"]
[Date "2020.04.28"]
[Round "9"]
[White "Barys1974"]
[Black "Oglob71"]
[Result "1-0"]
[WhiteElo "2637"]
[BlackElo "2488"]
[TimeControl "180+1"]
[EndTime "11:41:10 PDT"]
[Termination "Barys1974 won by resignation"]

1. e4 c5 2. Nf3 e6 3. d4 cxd4 4. Nxd4 a6 5. Nc3 Qc7 6. Bd3 Nf6 7. Qe2 Bc5 8. Nb3 Bb4 9. Bd2 Nc6 10. f4 d6 11.
O-O-O b5 12. Kb1 Bb7 13. Nd5 exd5 14. exd5+ Qe7 15. dxc6 Qxe2 16. Bxe2 Bxd2 17. cxb7 Ra7 18. b8=Q+ 1-0

[Event "*** Titled Tuesday Blitz"]
[Site "Chess.com"]
[Date "2020.04.28"]
[Round "9"]
[White "DerKnipser"]
[Black "2008king"]
[Result "1-0"]
[WhiteElo "2298"]
[BlackElo "2077"]
[TimeControl "180+1"]
[EndTime "11:41:40 PDT"]
[Termination "DerKnipser won by resignation"]

1. e4 e5 2. Nc3 Nf6 3. f4 exf4 4. Nf3 d6 5. Bc4 Bg4 6. O-O Be7 7. d4 Nc6 8. Bxf4 Qd7 9. a3 O-O-O 10. b4 Rhf8 11.
Qd3 h5 12. Bb5 a6 13. Bxa6 bxa6 14. Qxa6+ Kb8 15. Nb5 Nxe4 16. d5 Qc8 17. Qxc6 Bf6 18. Rae1 Rfe8 19. a4 h4 20. Qc4 Qf5 21. Qxc7+ 1-0

[Event "*** Titled Tuesday Blitz"]
[Site "Chess.com"]
[Date "2020.04.28"]
[Round "9"]
[White "TerorPtica"]
[Black "1f3_2g41-0"]
[Result "1-0"]
[WhiteElo "2850"]
[BlackElo "2262"]
[TimeControl "180+1"]
[EndTime "11:41:52 PDT"]
[Termination "TerorPtica won by checkmate"]

1. d4 Nf6 2. c4 g6 3. Nc3 d5 4. cxd5 Nxd5 5. e4 Nxc3 6. bxc3 Bg7 7. Bc4 c5 8. Ne2 O-O 9. O-O Nc6 10. Be3 b6 11. Qd2 Na5 12. Bd3 e5 13. Bg5 Qe8 14. Bh6 cxd4 15. cxd4 exd4 16. Bxg7 Kxg7 17. f4 Bb7 18. f5 Bxe4 19. f6+ Kh8 20. Qh6 Rg8 21.
Rf4 Bxd3 22. Qxh7+ Kxh7 23. Rh4# 1-0

[Event "*** Titled Tuesday Blitz"]
[Site "Chess.com"]
[Date "2020.04.28"]
[Round "9"]
[White "MateSchmate"]
[Black "fidezivkovic"]
[Result "0-1"]
[WhiteElo "2458"]
[BlackElo "2326"]
[TimeControl "180+1"]
[EndTime "11:41:52 PDT"]
[Termination "fidezivkovic won by checkmate"]

1. e4 c5 2. Be2 Nc6 3. f4 g6 4.
c3 d5 5. d3 Bg7 6. Nf3 e6 7.
O-O Nge7 8. Na3 O-O 9. e5 d4 10. c4 b6 11. Nc2 Bb7 12. Qe1 a5 13. a4 Qd7 14. g4 Nb4 15. Nxb4 axb4 16. b3 f6 17.
exf6 Bxf6 18. Ne5 Bxe5 19. fxe5 Qc6 20. Rf3 Rxf3 21. Qh4 Rf7 22. Qf6 Rxf6 23. Bg5 Qg2# 0-1

[Event "*** Titled Tuesday Blitz"]
[Site "Chess.com"]
[Date "2020.04.28"]
[Round "9"]
[White "floplover"]
[Black "Jaka_Brilej"]
[Result "1-0"]
[WhiteElo "2255"]
[BlackElo "2361"]
[TimeControl "180+1"]
[EndTime "11:41:53 PDT"]
[Termination "floplover won by checkmate"]

1. d4 f5 2. c4 Nf6 3. Nc3 g6 4. h4 Bg7 5. h5 Nxh5 6. e4 fxe4 7. Rxh5 gxh5 8. Qxh5+ Kf8 9. Bh6 Rg8 10. Qf5+ Ke8 11. Qxh7 Kf8 12. Qf5+ Ke8 13. Be2 e6 14. Bh5+ Ke7 15.
Bg5+ Kd6 16. Qc5# 1-0

[Event "*** Titled Tuesday Blitz"]
[Site "Chess.com"]
[Date "2020.04.28"]
[Round "9"]
[White "BaMBoMaTTo"]
[Black "BocharovD"]
[Result "1-0"]
[WhiteElo "2660"]
[BlackElo "2791"]
[TimeControl "180+1"]
[EndTime "11:41:59 PDT"]
[Termination "BaMBoMaTTo won by checkmate"]

1. e4 c5 2. Nf3 d6 3. d4 cxd4 4. Nxd4 Nf6 5. Nc3 a6 6. Bg5 Nbd7 7. Qe2 b5 8. O-O-O Bb7 9. f4 Rc8 10. e5 dxe5 11. fxe5 Rxc3 12. exf6 Rc5 13. fxe7 Bxe7 14. Bxe7 Qxe7 15. Qxe7+ Kxe7 16. Be2 Ne5 17. Nf5+ Kf6 18. Rhf1 Bxg2 19. Rd6+ Kg5 20. h4# 1-0

[Event "*** Titled Tuesday Blitz"]
[Site "Chess.com"]
[Date "2020.04.28"]
[Round "9"]
[White "atwalcb"]
[Black "KarstenHansch"]
[Result "0-1"]
[WhiteElo "2275"]
[BlackElo "2438"]
[TimeControl "180+1"]
[EndTime "11:42:06 PDT"]
[Termination "KarstenHansch won by resignation"]

1. d4 Nf6 2. Bg5 e6 3. e4 Be7 4. e5 Nd5 5. Bxe7 Qxe7 6. c4 Qb4+ 7. Qd2 Qxd2+ 8. Nxd2 Ne7 9. Bd3 d6 10. exd6 cxd6 11. Ne4 Kd7 12. Nf3 Nbc6 13. O-O d5 14. Nc5+ Ke8 15. Rfe1 b6 16. Nb3 Nb4 17. Red1 Nxd3 18. Rxd3 dxc4 19. Rc3 cxb3 20. a3 0-1

[Event "*** Titled Tuesday Blitz"]
[Site "Chess.com"]
[Date "2020.04.28"]
[Round "9"]
[White "Moon_stone123"]
[Black "manmanlai1"]
[Result "1-0"]
[WhiteElo "2515"]
[BlackElo "2316"]
[TimeControl "180+1"]
[EndTime "11:42:08 PDT"]
[Termination "Moon_stone123 won by resignation"]

1. e4 c5 2. Nf3 e6 3. d4 cxd4 4. Nxd4 Nc6 5. Nc3 Qc7 6. Be3 Nf6 7. Be2 a6 8. O-O Be7 9. f4 d6 10. Qe1 Bd7 11. Qg3 O-O 12. Rad1 Rfe8 13. Kh1 b5 14. e5 dxe5 15. fxe5 Qxe5 16. Nxc6 Qxg3 17. Nxe7+ Rxe7 18. hxg3 Bc6 19. Bg5 b4 20. Nb1 a5 21.
Bxf6 gxf6 22. Rxf6 Bd5 23. b3 Rc8 24. Bd3 1-0

[Event "*** Titled Tuesday Blitz"]
[Site "Chess.com"]
[Date "2020.04.28"]
[Round "9"]
[White "MathiasWomacka"]
[Black "Iyael"]
[Result "1-0"]
[WhiteElo "2442"]
[BlackElo "2163"]
[TimeControl "180+1"]
[EndTime "11:42:14 PDT"]
[Termination "MathiasWomacka won by resignation"]

1. e4 c5 2. Nf3 Nc6 3. d4 cxd4 4. Nxd4 Nf6 5. Nc3 e5 6. Ndb5 d6 7. Bg5 a6 8. Na3 b5 9. Nd5 Be7 10. Bxf6 Bxf6 11. c3 O-O 12. Nc2 Bg5 13. a4 bxa4 14.
Rxa4 a5 15. Bc4 Rb8 16. b3 Kh8 17. Nce3 g6 18. h4 Bxh4 19. g3 Bg5 20. f4 exf4 21. gxf4 Bh4+ 22. Kf1 Be6 23. Ra2 Bxd5 24. Bxd5 Rc8 25.
Rah2 g5 26. fxg5 1-0

[Event "*** Titled Tuesday Blitz"]
[Site "Chess.com"]
[Date "2020.04.28"]
[Round "9"]
[White "SlavenPastar"]
[Black "DonBroca"]
[Result "1-0"]
[WhiteElo "2378"]
[BlackElo "2072"]
[TimeControl "180+1"]
[EndTime "11:42:24 PDT"]
[Termination "SlavenPastar won by resignation"]

1. d4 Nf6 2. c4 e6 3. Nc3 Bb4 4. e3 O-O 5. Bd3 b6 6. Ne2 c5 7.
a3 cxd4 8. axb4 dxc3 9. bxc3 Bb7 10. O-O Nc6 11. Ng3 Rc8 12. Be2 Ne5 13. Rxa7 Ba8 14. h3 Nxc4 15. Rxa8 Rxa8 16. Bxc4 d5 17. Bd3 Rc8 18. Bb2 Nd7 19. Qe2 Ne5 20. Bxh7+ Kxh7 21. Qh5+ Kg8 22. Qxe5 Rc4 23. Nh5 Qg5 24. Qxg5 1-0

[Event "*** Titled Tuesday Blitz"]
[Site "Chess.com"]
[Date "2020.04.28"]
[Round "9"]
[White "NewBornNow"]
[Black "kingnb"]
[Result "0-1"]
[WhiteElo "2611"]
[BlackElo "2497"]
[TimeControl "180+1"]
[EndTime "11:42:27 PDT"]
[Termination "kingnb won by resignation"]

1. e4 d5 2. exd5 Nf6 3. d4 Bg4 4. f3 Bf5 5. g4 Bg6 6. h4 h5 7. g5 Nxd5 8. c4 Nb4 9. Na3 e6 10.
Nh3 N8c6 11. Be3 Bd6 12. Kf2 Bf5 13. Nb5 Be7 14. d5 exd5 15. cxd5 Ne5 16. Qd4 Ned3+ 17. Bxd3 Nxd3+ 18. Kg2 O-O 19. Rad1 Bc5 0-1

[Event "*** Titled Tuesday Blitz"]
[Site "Chess.com"]
[Date "2020.04.28"]
[Round "9"]
[White "Biranidun"]
[Black "Stormeman100100"]
[Result "1-0"]
[WhiteElo "2717"]
[BlackElo "2521"]
[TimeControl "180+1"]
[EndTime "11:42:35 PDT"]
[Termination "Biranidun won by resignation"]

1. e4 c6 2. d4 d5 3. e5 Bf5 4. Nf3 e6 5. Be2 Ne7 6. O-O Nd7 7. c3 h6 8. Nbd2 a5 9. a4 g5 10. Re1 Bg7 11. Nf1 O-O 12. Ng3 Bg6 13. Bd3 c5 14. h4 g4 15. Nh2 h5 16. Bg5 f6 17. exf6 Bxf6 18. Rxe6 Bxg5 19. hxg5 Kh7 20. Nxh5 Nf5 21. Nf4 1-0

[Event "*** Titled Tuesday Blitz"]
[Site "Chess.com"]
[Date "2020.04.28"]
[Round "9"]
[White "Qvalda"]
[Black "tgpgoat"]
[Result "1-0"]
[WhiteElo "2386"]
[BlackElo "2186"]
[TimeControl "180+1"]
[EndTime "11:42:36 PDT"]
[Termination "Qvalda won by resignation"]

1. e4 c5 2. Nc3 Nc6 3. Bb5 g6 4. Bxc6 dxc6 5. d3 Bg7 6. f4 e5 7.
Nf3 Ne7 8. O-O exf4 9. Bxf4 O-O 10. Qd2 b6 11. Bh6 Ba6 12. Rf2 Nc8 13. Bxg7 Kxg7 14. Raf1 Nd6 15. Qf4 Qe7 16. e5 Nf5 17. g4 Nh4 18.
Nxh4 Qxh4 19. Ne4 Qe7 20. Rf3 Rae8 21. Rh3 Rh8 22. Qh6+ Kg8 23. Nf6+ Qxf6 1-0

[Event "*** Titled Tuesday Blitz"]
[Site "Chess.com"]
[Date "2020.04.28"]
[Round "9"]
[White "Alexa797"]
[Black "Aleksandar-Topalov"]
[Result "1-0"]
[WhiteElo "2357"]
[BlackElo "2474"]
[TimeControl "180+1"]
[EndTime "11:42:37 PDT"]
[Termination "Alexa797 won by resignation"]

1. d4 Nf6 2. c4 c5 3. d5 d6 4. Nc3 g6 5. e4 Bg7 6. Bd3 O-O 7. f4 e6 8. Nf3 exd5 9. cxd5 Bg4 10. O-O Nbd7 11.
Qc2 Bxf3 12. Rxf3 Ne8 13. b3 Nc7 14. Bb2 a6 15. a4 Re8 16. Re1 b6 17. Nd1 b5 18. a5 Bxb2 19. Qxb2 Nxd5 20. Nf2 Nb4 21. Bb1 Qxa5 22. Ng4 Qd8 23. Nh6+ Kf8 24. Qh8+ Ke7 25.
Qxh7 Rf8 26. e5 d5 27. f5 Qe8 28. fxg6 1-0

[Event "*** Titled Tuesday Blitz"]
[Site "Chess.com"]
[Date "2020.04.28"]
[Round "9"]
[White "Ana_Berke"]
[Black "czasnaszachy"]
[Result "1-0"]
[WhiteElo "2123"]
[BlackElo "2270"]
[TimeControl "180+1"]
[EndTime "11:42:42 PDT"]
[Termination "Ana_Berke won by resignation"]

1. e4 c5 2. Nf3 e6 3. c4 Nc6 4.
Nc3 a6 5. d4 cxd4 6. Nxd4 Qc7 7. Be2 Nf6 8. O-O Be7 9. Be3 O-O 10. Rc1 Nxd4 11. Bxd4 d6 12. f3 b6 13. Qd2 Bb7 14. Kh1 Rfd8 15. Rfd1 d5 16. cxd5 exd5 17. Nxd5 Qd7 18.
Bxf6 Bxd5 19. Bxe7 Qxe7 20. exd5 Re8 21. d6 Qxe2 22.
Qxe2 Rxe2 23. d7 Rd8 24. Rc8 Ree8 25. dxe8=Q+ 1-0

[Event "*** Titled Tuesday Blitz"]
[Site "Chess.com"]
[Date "2020.04.28"]
[Round "9"]
[White "Yaacovn"]
[Black "ChessTraining77"]
[Result "1-0"]
[WhiteElo "2742"]
[BlackElo "2546"]
[TimeControl "180+1"]
[EndTime "11:42:46 PDT"]
[Termination "Yaacovn won by resignation"]

1. d4 Nf6 2. Nf3 d5 3. c4 e6 4. Bg5 Be7 5. e3 Nbd7 6. Nc3 a6 7. Rc1 dxc4 8. Bxc4 b5 9. Be2 Bb7 10. O-O O-O 11.
Ne5 c5 12. Bf3 Bxf3 13. Qxf3 Nxe5 14. dxe5 Nd7 15. Bf4 c4 16. Rfd1 Qc7 17. Qg3 Rfd8 18. h4 Kh8 19. Ne4 Nc5 20. Nd6 Bxd6 21. exd6 Qc6 22. h5 h6 23. f3 f6 24. Qg6 Ra7 25. Bxh6 gxh6 26. Qxf6+ Rg7 27. Qxd8+ 1-0

[Event "*** Titled Tuesday Blitz"]
[Site "Chess.com"]
[Date "2020.04.28"]
[Round "9"]
[White "indfraeng"]
[Black "BillCoe"]
[Result "1-0"]
[WhiteElo "2252"]
[BlackElo "2058"]
[TimeControl "180+1"]
[EndTime "11:42:51 PDT"]
[Termination "indfraeng won by checkmate"]

1. d4 f5 2. Nc3 Nf6 3. Bg5 e6 4.
e4 fxe4 5. Nxe4 Be7 6. Bxf6 Bxf6 7. Nf3 O-O 8. Bd3 Nc6 9. c3 a5 10. a4 d6 11. O-O e5 12. Nxf6+ Qxf6 13. dxe5 Nxe5 14.
Nxe5 Qxe5 15. Qb3+ Kh8 16. Rae1 Qf6 17. f4 c6 18. f5 d5 19. Qa3 Bd7 20. Qc5 Qg5 21. Re5 Rae8 22. Rfe1 Rxe5 23. Qxf8# 1-0

[Event "*** Titled Tuesday Blitz"]
[Site "Chess.com"]
[Date "2020.04.28"]
[Round "9"]
[White "AquivaRubinstein"]
[Black "TST2014"]
[Result "1-0"]
[WhiteElo "2438"]
[BlackElo "2585"]
[TimeControl "180+1"]
[EndTime "11:42:59 PDT"]
[Termination "AquivaRubinstein won by resignation"]

1. d4 Nf6 2. c4 c5 3. d5 b5 4. cxb5 a6 5. f3 axb5 6. e4 e6 7. Na3 Nxe4 8. fxe4 Qh4+ 9. Kd2 c4 10. Qf3 exd5 11.
exd5 Bb4+ 12. Kc2 O-O 13. Nh3 d6 14. Bg5 Qd4 15. Nxb5 Qc5 16. Nc3 Na6 17. Be3 Qa5 18. Bxc4 1-0

[Event "*** Titled Tuesday Blitz"]
[Site "Chess.com"]
[Date "2020.04.28"]
[Round "9"]
[White "louis198"]
[Black "Danesz22"]
[Result "0-1"]
[WhiteElo "2455"]
[BlackElo "2313"]
[TimeControl "180+1"]
[EndTime "11:43:01 PDT"]
[Termination "Danesz22 won by resignation"]

1. d4 d5 2. Bf4 Nf6 3. Nf3 c5 4. e3 Nc6 5. c3 Qb6 6. Qc1 Bg4 7.
Be2 e6 8. O-O Rc8 9. Nbd2 Nh5 10. Bg5 h6 11. Bh4 g5 12. Bg3 Nxg3 13. fxg3 Bg7 14.
h3 Bh5 15. g4 Bg6 16. Kh1 cxd4 17. cxd4 O-O 18. Qe1 Nb4 19. Qg3 Nc2 20. Rac1 Nxe3 21. Rxc8 Rxc8 22. Re1 Nc2 23. Rf1 Nxd4 24. Nxd4 Qxd4 25.
Nb3 Qxb2 26. Bf3 Qxa2 27. Nc1 Qa3 28. Ne2 a5 29. h4 a4 30. h5 Be4 31. Bxe4 Qxg3 32.
Nxg3 dxe4 33. Nxe4 a3 34. Rf2 Rc1+ 35. Kh2 Bb2 0-1

[Event "*** Titled Tuesday Blitz"]
[Site "Chess.com"]
[Date "2020.04.28"]
[Round "9"]
[White "Petrosyan_Tigran"]
[Black "Baby_Shak"]
[Result "0-1"]
[WhiteElo "2535"]
[BlackElo "2393"]
[TimeControl "180+1"]
[EndTime "11:43:03 PDT"]
[Termination "Baby_Shak won by resignation"]

1. Nf3 d5 2. d4 Nc6 3. Bf4 Bg4 4. e3 e6 5. h3 Bxf3 6. Qxf3 Bd6 7. c3 Nf6 8. Bd3 e5 9. dxe5 Nxe5 10. Bxe5 Bxe5 11.
Nd2 Qe7 12. O-O O-O-O 13. c4 Kb8 14. Rfd1 g5 15. cxd5 Nxd5 16. Nc4 Nb6 17. Rac1 Nxc4 18. Rxc4 Bd6 19. Re4 Qd7 20. Qf6 h5 21. Be2 Qc6 22. Bf3 Bh2+ 23. Kxh2 Qxf6 0-1

[Event "*** Titled Tuesday Blitz"]
[Site "Chess.com"]
[Date "2020.04.28"]
[Round "9"]
[White "Filip_Covic"]
[Black "KingChess345"]
[Result "1-0"]
[WhiteElo "2330"]
[BlackElo "2152"]
[TimeControl "180+1"]
[EndTime "11:43:03 PDT"]
[Termination "Filip_Covic won by resignation"]

1. e4 c5 2. Nf3 Nc6 3. d4 cxd4 4. Nxd4 Nf6 5. Nc3 e5 6. Ndb5 d6 7. Nd5 Nxd5 8. exd5 Ne7 9. c4 Ng6 10. g3 Bd7 11. Nc3 Be7 12. h4 h5 13. Be2 Rc8 14.
Be3 Bg4 15. Bxg4 hxg4 16. h5 Rxc4 17. Qe2 Qc8 18. Kd2 b5 19. hxg6 b4 20. Rxh8+ Bf8 21. gxf7+ Kxf7 22. Rc1 bxc3+ 23. Rxc3 1-0

[Event "*** Titled Tuesday Blitz"]
[Site "Chess.com"]
[Date "2020.04.28"]
[Round "9"]
[White "binbin239"]
[Black "queen_iryna"]
[Result "0-1"]
[WhiteElo "2411"]
[BlackElo "2281"]
[TimeControl "180+1"]
[EndTime "11:43:08 PDT"]
[Termination "queen_iryna won by resignation"]

1. d4 d5 2. c4 c6 3. Nf3 Nf6 4.
Qc2 e6 5. g3 Be7 6. Bg2 O-O 7.
O-O b6 8. Nbd2 Bb7 9. e4 Na6 10. a3 Rc8 11. Rd1 c5 12. exd5 exd5 13. cxd5 cxd4 14.
Qa4 Nc5 15. Qxd4 Nxd5 16. Ne4 Nb3 17. Qd3 Nxa1 18. Neg5 Nf6 19. Qe2 Ba6 20. Qe1 Nc2 21.
Qd2 Qxd2 22. Nxd2 Be2 23. Re1 Nxe1 0-1

[Event "*** Titled Tuesday Blitz"]
[Site "Chess.com"]
[Date "2020.04.28"]
[Round "9"]
[White "Kildepiotr"]
[Black "MasterKroket"]
[Result "0-1"]
[WhiteElo "2547"]
[BlackElo "2420"]
[TimeControl "180+1"]
[EndTime "11:43:10 PDT"]
[Termination "MasterKroket won by resignation"]

1. Nf3 Nf6 2. g3 b6 3. Bg2 Bb7 4. O-O e6 5. c4 Be7 6. Nc3 Ne4 7.
Nxe4 Bxe4 8. d3 Bb7 9. e4 d6 10.
Be3 Nd7 11. Nd2 c5 12. f4 O-O 13. f5 exf5 14. Rxf5 Ne5 15. Qe2 Bc8 16. Rff1 Bg4 17.
Nf3 f5 18. Bf4 fxe4 19. Qxe4 Nxf3+ 20. Bxf3 Bxf3 21. Rxf3 Bf6 22. Qd5+ Kh8 23. Bxd6 Bd4+ 24. Kg2 Rxf3 25. Kxf3 Qf6+ 26. Bf4 Rd8 27. Qe4 g5 28.
Re1 gxf4 29. gxf4 Qh4 30. Qf5 Qxe1 0-1

[Event "*** Titled Tuesday Blitz"]
[Site "Chess.com"]
[Date "2020.04.28"]
[Round "9"]
[White "Tashik"]
[Black "davigator"]
[Result "1-0"]
[WhiteElo "2535"]
[BlackElo "2387"]
[TimeControl "180+1"]
[EndTime "11:43:11 PDT"]
[Termination "Tashik won by resignation"]

1. c4 e5 2. Nc3 Bb4 3. Nd5 Bc5 4. Nf3 d6 5. d4 exd4 6. Nxd4 c6 7. Nc3 Bb4 8. Bd2 Nf6 9. g3 O-O 10. Bg2 a5 11.
O-O Bg4 12. h3 Bd7 13. a3 Bc5 14. Nb3 Ba7 15. Bf4 d5 16. cxd5 cxd5 17. Nxd5 Nxd5 18. Qxd5 Nc6 19. Nc5 Bc8 20. Qxd8 Rxd8 21. Rac1 Nd4 22.
Rfe1 Bf5 23. Nxb7 Nc2 24. Nxd8 Rxd8 25. Red1 Re8 26. e4 1-0

[Event "*** Titled Tuesday Blitz"]
[Site "Chess.com"]
[Date "2020.04.28"]
[Round "9"]
[White "Shoytan"]
[Black "VolodymyrMolyboha"]
[Result "1-0"]
[WhiteElo "2603"]
[BlackElo "2441"]
[TimeControl "180+1"]
[EndTime "11:43:12 PDT"]
[Termination "Shoytan won by checkmate"]

1. e4 g6 2. d4 Bg7 3. Nc3 d6 4. Nf3 Nf6 5. Bc4 O-O 6. Qe2 c6 7. e5 dxe5 8. dxe5 Nd5 9. Bd2 Bg4 10. O-O-O Nxc3 11. Bxc3 Qc7 12. h3 Bxf3 13. gxf3 e6 14.
h4 Nd7 15. f4 a5 16. h5 b5 17.
Bd3 Nc5 18. Qg4 Nxd3+ 19. Rxd3 Rad8 20. hxg6 hxg6 21. Rdh3 b4 22. Qh4 Rfe8 23. Qh8+ Bxh8 24. Rxh8+ Kg7 25. R1h7# 1-0

[Event "*** Titled Tuesday Blitz"]
[Site "Chess.com"]
[Date "2020.04.28"]
[Round "9"]
[White "politeplayer"]
[Black "Klavdia_Nik"]
[Result "1/2-1/2"]
[WhiteElo "2198"]
[BlackElo "2046"]
[TimeControl "180+1"]
[EndTime "11:43:12 PDT"]
[Termination "Game drawn by agreement"]

1. e4 c5 2. Nf3 Nc6 3. Bb5 g6 4.
O-O Bg7 5. c3 d6 6. d4 cxd4 7.
cxd4 Bd7 8. d5 Ne5 9. Bxd7+ Nxd7 10. Nc3 Ngf6 11. Be3 O-O 12. Qd2 Re8 13. Bh6 Bh8 14.
Rac1 Rc8 15. Rfe1 Ng4 16. Bg5 a6 17. h3 Nge5 18. Nxe5 Nxe5 19. f4 Nc4 20. Qe2 Qb6+ 21. Kh1 Qxb2 22. Rc2 Qb4 23. Rb1 Qc5 24. Na4 Qe3 25. Qxe3 Nxe3 26. Rxc8 Rxc8 27. Rxb7 1/2-1/2

[Event "*** Titled Tuesday Blitz"]
[Site "Chess.com"]
[Date "2020.04.28"]
[Round "9"]
[White "APOKALIPSA13"]
[Black "ShieldingOff"]
[Result "1-0"]
[WhiteElo "2250"]
[BlackElo "2019"]
[TimeControl "180+1"]
[EndTime "11:43:12 PDT"]
[Termination "APOKALIPSA13 won by resignation"]

1. d4 c5 2. dxc5 e6 3. Nc3 Bxc5 4. e4 Nc6 5. Nf3 Nf6 6. Bd3 d6 7. O-O O-O 8. Bg5 h6 9. Bh4 g5 10. Nxg5 hxg5 11. Bxg5 Ne5 12. Kh1 Kg7 13. f4 Neg4 14.
Qe2 Rh8 15. h3 Qg8 16. e5 Kf8 17. exf6 Ne3 18. Rf3 Nd5 19. Nxd5 1-0

[Event "*** Titled Tuesday Blitz"]
[Site "Chess.com"]
[Date "2020.04.28"]
[Round "9"]
[White "shyam"]
[Black "Tesla37"]
[Result "1-0"]
[WhiteElo "2712"]
[BlackElo "2861"]
[TimeControl "180+1"]
[EndTime "11:43:15 PDT"]
[Termination "shyam won by resignation"]

1. e4 c5 2. Nf3 e6 3. c3 Nf6 4. e5 Nd5 5. Bc4 d6 6. d4 cxd4 7. cxd4 Nc6 8. O-O Be7 9. Bd2 O-O 10. Nc3 Nxc3 11. Bxc3 d5 12. Bd3 Bd7 13. Rc1 Qb6 14. a3 Rac8 15. h4 Na5 16. Qe2 Nb3 17. Rcd1 a6 18. h5 Bb5 19. h6 g6 20. Nh2 Bxd3 21.
Rxd3 Qb5 22. Ng4 Kh8 23. Qf3 Rc7 24. Bb4 f5 25. exf6 Bxb4 26. Rxb3 Qxf1+ 27. Kxf1 Rc1+ 28. Ke2 Re1+ 29. Kd3 1-0

[Event "*** Titled Tuesday Blitz"]
[Site "Chess.com"]
[Date "2020.04.28"]
[Round "9"]
[White "AsaHoffmann"]
[Black "DACF2905"]
[Result "0-1"]
[WhiteElo "2271"]
[BlackElo "2175"]
[TimeControl "180+1"]
[EndTime "11:43:15 PDT"]
[Termination "DACF2905 won by resignation"]

1. d4 Nf6 2. Bg5 e6 3. Nd2 d5 4. e3 Be7 5. f4 h6 6. Bh4 c5 7. c3 Nc6 8. Ngf3 Qb6 9. Rb1 cxd4 10. exd4 O-O 11. Ne5 Nxd4 12. cxd4 Qxd4 13. Qf3 Bb4 14. Qf2 Qe4+ 15. Qe2 Bxd2+ 16. Kxd2 Qxb1 17. Bxf6 Qxb2+ 18. Ke3 Qxe2+ 19. Bxe2 gxf6 20. Ng4 Kg7 21. Rc1 Bd7 22. Rc7 Bc6 23. Kd4 Rac8 24. Re7 Rfe8 25. Rxe8 Rxe8 26. Ne3 b6 27. g4 e5+ 28. Kd3 exf4 29. Nf5+ Kg6 30. Bf3 h5 31. h3 hxg4 32. hxg4 Kg5 33.
Kd4 Re5 34. Nd6 Kg6 35. Nc8 Re3 36. Bxd5 Bxd5 37. Kxd5 f3 38. Kd4 Re1 0-1